AoeStats
← Malelf

Arabia

507944957Analyzed
1v1 RM · 11d ago on Sep 20, 2026· 44m 8s· 2 players
Game mode
Random Map
Map size
Tiny (2 player)
Population
200
Speed
Normal
Resources
Standard
Victory
Conquest
Starting age
Dark Age
Ending age
Imperial Age
RankedLock teamsTeams togetherTeam positionsShared explorationLock speedFull tech treeHidden civsTurbo modeCheats
Victory
Defeat
🇭🇰 Maya · Hong Kong SAR China
1767
+13
🇮🇹 Mongols · Italy
1705
-13
Nagasaki Anon
0:28 Loom
8:49 Feudal Age
9:32 Double-Bit Axe
17:56 Fletching
20:17 Castle Age
18:42 Gold Mining
19:00 Fletching
20:06 Padded Archer Armor
20:19 Crossbowman
21:32 Bodkin Arrow
28:35 Ballistics
29:05 Padded Archer Armor
32:38 Horse Collar
37:44 Imperial Age
37:47 Arbalester
38:30 Bracer
39:32 Chemistry
38:56 Thumb Ring
38:31 Arbalester
41:34 Wheelbarrow
42:03 Thumb Ring
44:00 Leather Archer Armor
44:36 Conscription
45:17 Ring Archer Armor
Malelf
5:37 Loom
7:59 Feudal Age
8:28 Double-Bit Axe
8:43 Horse Collar
14:09 Fletching
15:49 Padded Archer Armor
19:36 Loom
22:49 Castle Age
20:58 Gold Mining
23:56 Bow Saw
23:34 Elite Skirmisher
24:16 Bodkin Arrow
28:17 Ballistics
28:34 Leather Archer Armor
30:00 Scale Barding Armor
33:05 Wheelbarrow
33:54 Heavy Plow
38:11 Imperial Age
35:59 Stone Mining
36:46 Gold Shaft Mining
36:56 Thumb Ring
37:50 Chain Barding Armor
37:40 Forging
37:42 Bloodlines
37:33 Husbandry
38:08 Light Cavalry
40:16 Chemistry
39:19 Bracer
41:35 Hussar
Connection lost

Rejoining the realm…

Still unreachable

The connection could not be restored.

Session expired

The server has moved on; the page needs a fresh start.